 Dungeon Crawl Stone Soup version 0.29.1-15-g9cfb28693d (webtiles) character file.

Game seed: 4165354217364317948

90 Hugehornet the Digger (level 4, 24/24 HPs)
             Began as a Gargoyle Earth Elementalist on Mar 20, 2023.
             Quit the game on level 2 of the Dungeon.
             The game lasted 00:04:39 (3125 turns).

Hugehornet the Digger (Gargoyle Earth Elementalist) Turns: 3125, Time: 00:04:40

Health: 24/24      AC: 10    Str: 11    XL:     4   Next: 56%
Magic:  7/7        EV:  9    Int: 18    God:
Gold:   99         SH:  0    Dex: 10    Spells: 4/7 levels left

rFire   . . .      SeeInvis .   h - +0 flail
rCold   . . .      Faith    .   (no shield)
rNeg    + . .      Spirit   .   p - +0 scale mail
rPois   ∞          Reflect  .   (no helmet)
rElec   +          Harm     .   (no cloak)
rCorr   .          Rampage  .   (no gloves)
Will    .....                   (no boots)
Stlth   ..........              (no amulet)
HPRegen 0.08/turn               (no ring)
MPRegen 0.10/turn               (no ring)

@: no status effects
A: sickness immunity, AC +3, negative energy resistance 1, electricity
resistance, torment resistance 1, petrification resistance
a: no special abilities


You were on level 2 of the Dungeon.
You visited 1 branch of the dungeon, and saw 2 of its levels.

You collected 99 gold pieces.

Inventory:

Hand Weapons
 f - a +0 whip
 h - a +0 flail (weapon)
Armour
 a - a +0 robe
 i - a +0 plate armour
 p - a +0 scale mail (worn)
Jewellery
 d - an amulet of the acrobat
Scrolls
 e - 2 scrolls of identify {unknown}
 l - a scroll of brand weapon {unknown}
 m - a scroll of blinking {unknown}
 q - a scroll of magic mapping {unknown}
 s - a scroll of noise {unknown}
Potions
 b - a potion of magic
 c - a potion of haste {unknown}
 g - 2 potions of degeneration {unknown}
 j - a potion of lignification {unknown}
 k - 3 potions of brilliance {unknown}
 n - a potion of berserk rage {unknown}
 o - a potion of attraction {unknown}
 r - a potion of might {unknown}


   Skills:
 * Level 2.4 Maces & Flails
 * Level 3.3 Armour
 - Level 1.5 Dodging
 - Level 2.1 Stealth
 - Level 2.0 Spellcasting
 - Level 0.7 Transmutations
 - Level 3.6 Earth Magic


You had 4 spell levels left.
You knew the following spells:

 Your Spells              Type           Power      Damage    Failure   Level
a - Sandblast             Erth           28%        2d8       22%         1
b - Passwall              Tmut/Erth      7%         N/A       52%         2

Your spell library contained the following spells:

 Spells                   Type           Power      Damage    Failure   Level
 Shock                    Conj/Air       4%         1d3       69%         1
 Stone Arrow              Conj/Erth      16%        3d8       82%         3
 Swiftness                Air            1%         N/A       96%         3
 Petrify                  Tmut/Erth      9%         N/A       99%         4
 Airstrike                Air            0%         2d(1-17)  100%        4


Dungeon Overview and Level Annotations

Branches:
Dungeon (2/15)

Altars:

Shops:
D:2 [


Innate Abilities, Weirdness & Mutations

You are immune to sickness and miasma.
Your stone body is resilient. (AC +3)
You are immune to poison.
You resist negative energy. (rN+)
You are resistant to electric shocks. (rElec)
You are resistant to unholy torment.
You are immune to petrification.


Message History

The goblin hits you but does no damage.
You sock the goblin!
You kill the goblin!
No target in view!
You see here a +0 dagger.
q - a scroll labelled WITOMI SIWNUPN
r - a clear potion A rat comes into view.
The rat barely misses you.
You hit the rat.
You kill the rat!
No target in view!
No target in view!
You see here a rat corpse.
Found a stone staircase leading down.
Found a robe.
No target in view!
You see here a +0 robe.
You see here a +0 spear.
s - a scroll labelled WEAM FOCOCING No target in view!
No target in view!
A hobgoblin comes into view.
The hobgoblin shouts!
The hobgoblin hits you but does no damage.
You hit the hobgoblin.
The hobgoblin is almost dead.
The hobgoblin splashes around in the water.
You barely miss the hobgoblin.
The hobgoblin is severely wounded.
The hobgoblin closely misses you.
You barely miss the hobgoblin.
The hobgoblin is severely wounded.
The hobgoblin closely misses you.
You hit the hobgoblin.
You kill the hobgoblin!
No target in view!
The gnoll shouts! x2
There are monsters nearby!
Are you sure you want to abandon this character and quit the game? (Confirm with "yes".)

#.# #.# . #.# #. #.#
####. ########.###....
#..........#....
#........#......
########........##.....
#.....@.........###....
#...............#......
#...............#.#....
###.~≈≈≈.~≈≈~~..#.#....
#.~≈≈~.~≈≈≈g..#.#....
#.~≈≈~.≈≈≈≈~.##†#####
#.≈≈≈≈.~~≈~g.##.###
#.~≈~~.......#....#
##.......~~≈~.#....#


You could see 2 gnolls.

Vanquished Creatures
  A gnoll (D:2)
  3 adders (D:2)
  2 dart slugs (D:1)
  6 endoplasms
  3 giant cockroaches
  3 goblins
  5 hobgoblins
  7 jackals (D:1)
  2 quokkas (D:1)
  5 frilled lizards
  5 kobolds
  4 rats
46 creatures vanquished.

Vanquished Creatures (others)
  6 fungi (D:1)
  4 plants (D:1)
10 creatures vanquished.

Grand Total: 56 creatures vanquished

Notes
Turn   | Place    | Note
-------+----------+-------------------------------------------
     0 | D:1      | Hugehornet the Gargoyle Earth Elementalist began the quest
                  | for the Orb.
     0 | D:1      | Reached XP level 1. HP: 10/10 MP: 3/3
    70 | D:1      | Reached skill level 1 in Armour
   227 | D:1      | Reached XP level 2. HP: 15/15 MP: 5/5
   713 | D:1      | Learned a level 2 spell: Passwall
   731 | D:1      | Reached skill level 1 in Maces & Flails
  1091 | D:1      | Reached XP level 3. HP: 17/19 MP: 6/6
  1961 | D:1      | Found a faded altar of an unknown god.
  2379 | D:2      | Found Xoreg's Armour Boutique.
  2468 | D:2      | Reached XP level 4. HP: 18/24 MP: 7/7
  3125 | D:2      | Quit the game

Illustrated notes

Levels and vault maps discovered:
D:1:      minmay_arrival_open_corners, layout_basic,
          shapermc_ecumenical_altar_mp_urbaneastern, minmay_tromino_v4_c
D:2:      layout_basic, serial_shops, nicolae_shop_stone, minivault_14

Skill      XL: |  1  2  3 |
---------------+----------+-----
Armour         | 1 2 3 |  3.3
Maces & Flails | 1 2 |  2.4
Dodging        | |  1.5
Stealth        | |  2.1
Spellcasting   | |  2.0
Transmutations | |  0.7
Earth Magic    | |  3.6

Action                   |  1- 3 |  4- 6 || total
-------------------------+-------+-------++-------
Melee: Unarmed           |     3 |       ||     3
       Whip              |    71 |       ||    71
       Flail             |    58 |    35 ||    93
       Punch             |     1 |       ||     1
 Cast: Sandblast         |    20 |       ||    20
 Stab: Sleeping          |     1 |       ||     1
Armor: Robe              |    32 |       ||    32
       Plate armour      |    80 |    35 ||   115
       Scale mail        |       |     2 ||     2
Dodge: Dodged            |    78 |     5 ||    83
